 Seeded DCSS version 0.27.1-1-g398f81649c (webtiles) character file.

Game seed: 15093136498747754427 (custom seed)

236 a11behringer the Cudgeller (level 5, 0/45 HPs)
             Began as a Minotaur Berserker on Sept 14, 2021.
             Was a Believer of Trog.
             Slain by an orc (3 damage)
             ... on level 4 of the Dungeon.
             The game lasted 00:11:42 (3145 turns).

a11behringer the Cudgeller (Minotaur Berserker)     Turns: 3145, Time: 00:11:45

Health: 0/45       AC:  4    Str: 21    XL:     5   Next: 77%
Magic:  4/4        EV: 12    Int:  4    God:    Trog [**....]
Gold:   127        SH:  0    Dex: 11    Spells: 4/4 levels left

rFire    . . .     SeeInvis +   l - +0 mace (holy)
rCold    . . .     Faith    .   (no shield)
rNeg     . . .     Spirit   .   b - +0 animal skin
rPois    .         Reflect  .   f - +2 hat {SInv}
rElec    .         Harm     .   (no cloak)
rCorr    .         Rampage  .   (no gloves)
Will     .....                  (no boots)
Stlth    +.........             (no amulet)
HPRegen  0.15/turn              (no ring)
MPRegen  0.09/turn              (no ring)

@: no status effects
A: horns 2, retaliatory headbutt
a: Renounce Religion, Berserk, Trog's Hand


You were on level 4 of the Dungeon.
You worshipped Trog.
Trog was pleased with you.
You visited 1 branch of the dungeon, and saw 4 of its levels.

You collected 127 gold pieces.

Inventory:

Hand Weapons
 a - a +0 mace
 d - a +0 hunting sling
 l - a +0 mace of holy wrath (weapon)
Missiles
 c - 33 sling bullets
 e - 6 boomerangs (quivered)
 g - 91 stones
 q - 35 bolts
Armour
 b - a +0 animal skin (worn)
 f - a +2 hat of see invisible (worn)
Scrolls
 k - 2 scrolls of enchant weapon
 m - a scroll of fog {unknown}
 r - a scroll of fear {unknown}
 s - a scroll of silence {unknown}
 t - a scroll of amnesia {unknown}
Potions
 h - a potion of might
 i - 3 potions of curing
 j - a potion of heal wounds
 n - 2 potions of brilliance
 o - a potion of berserk rage


   Skills:
 - Level 3.6 Fighting
 * Level 7.9 Maces & Flails
 - Level 2.4 Armour
 - Level 2.1 Dodging


You had 4 spell levels left.
You didn't know any spells.
Your spell library was empty.

Dungeon Overview and Level Annotations

Branches:
Dungeon (4/15)             Temple (0/1) D:4

Altars:
Nemelex Xobeh


Innate Abilities, Weirdness & Mutations

You have a pair of horns on your head.
You reflexively headbutt those who attack you in melee.


Message History

There is a stone staircase leading up here.
There is a stone staircase leading down here.
You climb downwards.
You hear the sound of rushing water.
There is an entrance to a sewer on this level.
Hurry and find it before the portal rusts away!
There is a stone staircase leading up here.
Found 17 gold pieces.
Found a stone staircase leading down.
There is a stone staircase leading down here.
Found a staircase to the Ecumenical Temple.
Found a potion of curing.
A wyvern comes into view.
The wyvern hisses angrily.
An orc comes into view. It is wielding a +0 hand axe.
An orc and an orc priest come into view.
The orc shouts!
The wyvern closely misses you. The wyvern barely misses you.
You furiously retaliate!
You headbutt the wyvern, but do no damage.
You barely miss the wyvern. The wyvern barely misses you.
You furiously retaliate!
You headbutt the wyvern.
An orc comes into view.
It is wielding a +1 hand axe of draining.
The orc shouts!
You hit the wyvern but do no damage.
The wyvern is lightly wounded.
The wyvern bites you!
An orc priest comes into view. It is wielding a +0 club.
The wyvern bites you!
The orc priest shouts!
You sock the wyvern!
The wyvern is heavily wounded.
The wyvern bites you!
A quokka comes into view.
You hit the wyvern.
The wyvern is heavily wounded.
The wyvern completely misses you. You furiously retaliate!
You headbutt the wyvern, but do no damage.
The wyvern bites you!
* * * LOW HITPOINT WARNING * * *
The orc hits you with a +0 hand axe.
You die...

#..####.##.....##.
#.......##...#.#
#................
###......≈≈≈≈≈......
#......≈≈≈≈≈≈≈≈≈....
#.#..≈≈≈≈≈≈≈≈≈≈≈≈≈.
# #.≈≈≈≈≈≈≈≈≈≈≈≈≈≈≈
#.#.≈≈≈≈≈≈...≈≈≈
#..@≈≈≈≈≈≈.>.≈≈≈
......ol≈≈≈≈≈≈...≈≈
...###.o.≈≈≈≈≈≈≈≈ .#
..o...≈≈≈≈≈
.........≈≈
#..oo.......
.......#..##
#.......#.##


You could see a wyvern, 2 orc priests and 3 orcs.

Vanquished Creatures
  An ogre (D:3)
  Natasha (twice) (D:2)
  3 adders
  2 worms (D:2)
  A dart slug (D:1)
  11 ball pythons
  5 bats
  8 endoplasms
  2 giant cockroaches
  11 hobgoblins
  2 jackals (D:2)
  3 quokkas
  6 frilled lizards
  A goblin (D:1)
  7 kobolds
  6 rats
71 creatures vanquished.

Vanquished Creatures (others)
  2 fungi (D:2)
  8 plants (D:2)
10 creatures vanquished.

Grand Total: 81 creatures vanquished

Notes
Turn   | Place    | Note
-------+----------+-------------------------------------------
     0 | D:1      | a11behringer the Minotaur Berserker began the quest for the
                  | Orb.
     0 | D:1      | Reached XP level 1. HP: 19/19 MP: 0/0
   199 | D:1      | Reached skill level 4 in Maces & Flails
   206 | D:1      | Reached XP level 2. HP: 22/26 MP: 1/1
   586 | D:1      | Reached skill level 5 in Maces & Flails
   591 | D:1      | Reached ** piety under Trog
   692 | D:1      | Reached XP level 3. HP: 31/31 MP: 2/2
  1289 | D:2      | Found a faded altar of an unknown god.
  1436 | D:2      | Found a sparkling altar of Nemelex Xobeh.
  1807 | D:2      | Reached XP level 4. HP: 39/39 MP: 3/3
  1832 | D:2      | Noticed Natasha
  1840 | D:2      | Reached skill level 6 in Maces & Flails
  1844 | D:2      | Killed Natasha
  1922 | D:2      | Noticed Natasha
  1925 | D:2      | Killed Natasha
  2417 | D:3      | Reached XP level 5. HP: 45/45 MP: 4/4
  2530 | D:3      | Noticed an ogre
  2533 | D:3      | Reached skill level 7 in Maces & Flails
  2537 | D:3      | Killed an ogre
  2664 | D:3      | Reached *** piety under Trog
  3133 | D:4      | Found a staircase to the Ecumenical Temple.
  3138 | D:4      | Noticed a wyvern
  3145 | D:4      | Slain by an orc

Illustrated notes

Levels and vault maps discovered:
D:1:      lightli_arrival_statuegarden, layout_loops_ring, hex_medium
D:2:      layout_loops_ring, shapermc_ecumenical_altar_mp_urbaneastern,
          basic_altar, uniq_natasha
D:3:      layout_loops_ring
D:4:      minmay_chambers_of_twos, layout_basic,
          chequers_temple_overflow_minitemple, temple_pool_b,
          cheibrodos_sewer_entry_drain, st_stairs_4,
          hangedman_abyss_or_decor_jellyfish_corner, uniq_pikel

Skill      XL: |  1  2  3  4  5 |
---------------+----------------+-----
Maces & Flails | 4 5 6 7 |  7.9
Fighting       | |  3.6
Armour         | |  2.4
Dodging        | |  2.1

Action                   |  1- 3 |  4- 6 || total
-------------------------+-------+-------++-------
Melee: Mace              |    89 |    43 ||   132
       Headbutt          |    14 |     6 ||    20
Invok: Berserk           |     1 |     2 ||     3
  Use: Scroll            |     2 |     4 ||     6
Armor: Animal skin       |    22 |     8 ||    30
Dodge: Dodged            |    59 |    22 ||    81
